 Dungeon Crawl Stone Soup version 0.20-a0-629-gc37eb77 (webtiles) character file.

434 polly the Slasher (level 6, -7/47 HPs)
             Began as a Demonspawn Gladiator on Feb 11, 2017.
             Mangled by a two-headed ogre
             ... wielding a +0 giant spiked club
              (17 damage)
             ... on level 4 of the Dungeon.
             The game lasted 00:05:49 (3794 turns).

polly the Slasher (Demonspawn Gladiator)            Turns: 3794, Time: 00:05:50

Health: -7/47      AC:  9    Str: 15    XL:     6   Next: 68%
Magic:  6/6        EV: 13    Int:  9    God:
Gold:   250        SH:  0    Dex: 16    Spells: 5/5 levels left

rFire    . . .     SeeInvis .   a - +0 long sword
rCold    . . .     Gourm    .   h - +0 leather armour
rNeg     . . .     Faith    .   (no shield)
rPois    .         Spirit   .   (helmet restricted)
rElec    .         Reflect  .   v - +2 cloak
rCorr    .         Harm     .   (no gloves)
MR       .....                  j - +2 pair of boots
Stlth    +++.......             (no amulet)
Regen    0.2/turn               (no ring)
                                (no ring)

@: no status effects
A: horns 1, nightstalker 1
a: no special abilities


You were on level 4 of the Dungeon.
You were hungry.

You visited 1 branch of the dungeon, and saw 4 of its levels.

You collected 250 gold pieces.

Inventory:

Hand Weapons
 a - a +0 long sword (weapon)
Missiles
 d - 2 throwing nets (quivered)
Armour
 h - a +0 leather armour (worn)
 j - a +2 pair of boots (worn)
 v - a +2 cloak (worn)
Jewellery
 r - an uncursed ring of wizardry {unknown}
Scrolls
 e - a scroll of remove curse
 i - a scroll of magic mapping {unknown}
 l - 6 scrolls of identify {unknown}
 m - 3 scrolls of recharging {unknown}
 o - 3 scrolls of teleportation {unknown}
 p - 2 scrolls of fear {unknown}
 q - a scroll of enchant armour {unknown}
 t - 2 scrolls of fog {unknown}
 u - a scroll of noise {unknown}
Potions
 b - a potion of magic {unknown}
 g - a potion of cancellation {unknown}
 k - a potion of lignification {unknown}
 n - a potion of brilliance {unknown}
 w - a potion of might {unknown}
Comestibles
 f - 2 bread rations
 s - 2 fruits


   Skills:
 + Level 3.0 Fighting
 + Level 4.3 Long Blades
 + Level 2.1 Throwing
 + Level 2.2 Armour
 + Level 3.5 Dodging
 + Level 3.2 Stealth


You had 5 spell levels left.
You didn't know any spells.

Dungeon Overview and Level Annotations

Branches:
Dungeon (4/15)
 Temple: D:4-7

Altars:
Gozag
Makhleb
Sif Muna
The Shining One


Innate Abilities, Weirdness & Mutations

You have a pair of small horns on your head.
You are slightly more attuned to the shadows.


Message History

The two-headed ogre closely misses you.
You riposte.
You hit the two-headed ogre.
The two-headed ogre is heavily wounded.
The two-headed ogre closely misses you.
You hit the two-headed ogre. You headbutt the two-headed ogre.
The two-headed ogre is severely wounded.
The two-headed ogre hits you with a giant spiked club!
The two-headed ogre hits you with a giant club!!
* * * LOW HITPOINT WARNING * * *
You are feeling hungry.
You see here 12 gold pieces.
Throwing (i - inventory. (,) - cycle):
c - a poisoned javelin (quivered)
Press: ? - help, Shift-Dir - straight line, f/p - two-headed ogre
Aim: a two-headed ogre, wielding a giant spiked club and a giant club (severely wounded, poisoned)
You throw a poisoned javelin.
The poisoned javelin hits the two-headed ogre but does no damage.
The two-headed ogre looks as sick as possible!
The two-headed ogre is severely wounded.
The two-headed ogre hits you with a giant spiked club!
You die...

...(..........##
...(..........#
.............)#
....(......##
.....(.....##
............#
.......(..#...
).....O..##...
......@.## ...
........#
.......##
........
........
.........
.........


You could see a two-headed ogre.

Vanquished Creatures
  An ogre (D:3)
  A scorpion (D:2)
  A howler monkey (D:4)
  2 hounds (D:4)
  An iguana (D:4)
  A worker ant (D:4)
  A gnoll (D:1)
  9 adders
  A worm (D:2)
  A dart slug (D:3)
  3 leopard geckos
  7 giant cockroaches
  4 goblins
  5 hobgoblins
  4 jackals (D:1)
  6 kobolds
  A quokka (D:3)
  5 bats
  2 frilled lizards
  A quokka skeleton (D:4)
  6 rats
63 creatures vanquished.

Notes
Turn   | Place    | Note
-------+----------+-------------------------------------------
     0 | D:1      | polly the Demonspawn Gladiator began the quest for the Orb.
     0 | D:1      | Reached XP level 1. HP: 16/16 MP: 1/1
    68 | D:1      | Gained mutation: You are slightly more attuned to the shadows. [demonic ancestry]
    68 | D:1      | Reached XP level 2. HP: 11/22 MP: 2/2
   298 | D:1      | Reached skill level 3 in Long Blades
   651 | D:1      | Gained mutation: You have a pair of small horns on your head. [demonic ancestry]
   651 | D:1      | Reached XP level 3. HP: 28/28 MP: 3/3
  1257 | D:2      | Found a deep blue altar of Sif Muna.
  1301 | D:2      | Found a burning altar of Makhleb.
  1610 | D:2      | Reached skill level 1 in Stealth
  1664 | D:2      | Reached XP level 4. HP: 32/34 MP: 4/4
  1908 | D:2      | Reached skill level 1 in Armour
  2288 | D:3      | Found an opulent altar of Gozag.
  2317 | D:3      | Reached XP level 5. HP: 37/39 MP: 5/5
  2980 | D:4      | Found a glowing golden altar of the Shining One.
  2980 | D:4      | Noticed an ogre
  2995 | D:4      | Found a burning altar of Makhleb.
  3016 | D:4      | Noticed a two-headed ogre
  3275 | D:3      | Killed an ogre
  3447 | D:4      | Reached XP level 6. HP: 47/47 MP: 6/6
  3461 | D:4      | Reached skill level 4 in Long Blades
  3794 | D:4      | Mangled by a two-headed ogre

Vault maps used:
D:1:      sevenhm_arrival_forest_fort_large_2
D:2:      lemuel_blue_sif_altar, minmay_misc_feat_pillars, bloody_makhleb
D:3:      first_bread, grunt_gozag_statues
D:4:      grunt_temple_overflow_open

Skill      XL: |  1  2  3  4  5  6 |
---------------+-------------------+-----
Long Blades    | 3 4 |  4.3
Dodging        | 3 |  3.5
Stealth        | 1 2 3 |  3.2
Armour         | 1 2 |  2.2
Throwing       | 2 |  2.1
Fighting       | 3 |  3.0

Action                   |  1- 3 |  4- 6 || total
-------------------------+-------+-------++-------
Melee: Long sword        |    91 |   113 ||   204
       Headbutt          |     7 |    27 ||    34
Throw: Javelin           |       |     8 ||     8
       Throwing net      |       |     1 ||     1
  Use: Potion            |     1 |       ||     1
       Scroll            |       |     1 ||     1
 Stab: Sleeping          |     4 |     9 ||    13
       Distracted        |     2 |     1 ||     3
  Eat: Chunk             |     2 |     4 ||     6
       Royal jelly       |       |     1 ||     1
       Fruit             |       |     1 ||     1
Armor: Leather armour    |    35 |    49 ||    84
Dodge: Dodged            |    72 |    95 ||   167
       Rpst.: Long sword |    19 |    34 ||    53
